Map: 어스름 탑

Players

llllllllllll - Winner!

  • Race: Zerg Zerg
  • League: Grandmaster

llllllllllll (Scarlett)

  • Race: Zerg Zerg
  • League: Grandmaster

VOD

Have the link to the VOD?

Description

Time

  • Played on: April 10, 2016, 2:28 a.m.
  • Length: 12:25
Show
View Real Time Build Order
Export as new Build Order

llllllllllll Zerg - Winner!

Build Orders: Hatch First, Zergling Baneling 

Get SALT Encoding   

  12  0:01  Drone  
  13  0:12  Overlord  
  13  0:17  Drone  
  14  0:30  Drone  
  14  0:31  Drone  
  16  0:36  Drone  
  17  0:53  Hatchery  
  17  0:54  Drone  
  17  0:56  Drone  
  18  1:08  Extractor  
  17  1:12  Spawning Pool  
  17  1:15  Drone  
  17  1:18  Drone  
  18  1:28  Drone  
  19  1:39  Overlord  
  19  1:59  Zergling x2, Queen  
  19  2:01  Zergling x2  
  23  2:04  Queen  
  23  2:05  Drone  
  26  2:08  Metabolic Boost  
  26  2:11  Drone  
  27  2:17  Drone  
  27  2:21  Drone  
  29  2:27  Drone  
  30  2:31  Baneling Nest  
  30  2:33  Drone  
  30  2:41  Drone  
  31  2:47  Hatchery  
  30  2:54  Overlord  
  30  2:55  Drone  
  30  2:56  Drone  
  32  2:59  Drone  
  33  3:08  Zergling x6  
  36  3:15  Baneling x2  
  36  3:17  Zergling x2  
  36  3:18  Overlord  
  37  3:20  Drone  
  37  3:21  Drone  
  37  3:25  Drone x2  
  41  3:28  Drone  
  42  3:42  Zergling x2, Drone  
  42  3:43  Drone x3  
  42  3:44  Queen  
  42  3:47  Overlord  
  47  3:56  Zergling x8  
  47  4:00  Zergling x4  
  47  4:02  Baneling x2  
  53  4:13  Drone x5  
  53  4:14  Extractor x2, Drone  
  57  4:24  Overlord  
  56  4:34  Zergling x2  
  56  4:37  Zergling x8  
  58  4:39  Overlord  
  58  4:42  Lair  
  58  4:43  Zergling x2  
  58  4:44  Zergling x4  
  58  4:45  Zergling x2  
  62  4:52  Zergling x2  
  62  4:53  Drone x3, Baneling x3  
  62  4:54  Baneling  
  65  5:01  Overlord  
  65  5:04  Drone x2  
  65  5:05  Drone  
  65  5:06  Extractor  
  67  5:07  Baneling x2  
  67  5:10  Overlord  
  67  5:18  Overlord  
  67  5:22  Overlord  
  67  5:23  Drone x2  
  67  5:24  Drone  
  67  5:25  Drone  
  67  5:26  Drone x3  
  73  5:38  Zergling x2, Overlord  
  73  5:39  Drone  
  73  5:40  Zergling x2  
  73  5:42  Spire, Drone x3  
  78  5:44  Extractor  
  78  5:45  Extractor  
  75  5:52  Drone  
  75  5:55  Drone  
  75  5:56  Drone x2  
  75  5:57  Drone  
  80  5:59  Drone x6  
  80  6:00  Baneling x2  
  80  6:01  Baneling  
  82  6:22  Zergling x10  
  81  6:33  Overlord  
  81  6:53  Mutalisk x11  
  102  6:55  Zergling x4  
  103  7:04  Baneling x2, Mutalisk  
  103  7:05  Zergling x2  
  103  7:07  Overlord  
  97  7:16  Mutalisk x2  
  97  7:18  Zergling x6  
  97  7:19  Zergling x4  
  97  7:20  Overlord  
  106  7:22  Overlord  
  106  7:26  Overlord  
  106  7:28  Overlord x2  
  106  7:30  Zerg Flyer Armor Level 1  
  106  7:43  Hatchery  
  105  7:44  Mutalisk x3  
  105  7:49  Zergling x2, Overlord  
  105  7:50  Zergling x8  
  116  7:57  Mutalisk x2  
  120  8:08  Mutalisk  
  120  8:09  Mutalisk  
  120  8:11  Zergling x12  
  129  8:15  Mutalisk  
  129  8:16  Zergling x2  
  129  8:17  Zergling x2  
  129  8:18  Zergling x4  
  135  8:27  Zergling x2  
  135  8:28  Zergling x6  
  135  8:29  Zergling x2  
  140  8:38  Mutalisk  
  140  8:39  Mutalisk x3  
  148  8:41  Overlord  
  148  8:42  Extractor, Overlord x2  
  148  8:44  Queen  
  148  8:46  Extractor  
  148  8:48  Drone x2  
  148  8:49  Drone x2, Overlord  
  145  9:07  Mutalisk x4  
  151  9:12  Zergling x16  
  151  9:13  Zergling x2  
  159  9:27  Extractor  
  149  9:32  Mutalisk x5  
  136  9:39  Mutalisk  
  136  9:42  Queen  
  136  9:43  Zergling x4  
  124  9:51  Mutalisk x2  
  122  9:53  Zergling x10  
  122  9:54  Zergling x6  
  122  9:56  Mutalisk  
  132  10:04  Mutalisk x2  
  132  10:05  Zergling x2  
  134  10:07  Zergling x2  
  134  10:10  Zergling x2  
  134  10:12  Zergling x2  
  137  10:15  Zerg Flyer Weapons Level 1  
  137  10:19  Mutalisk  
  137  10:20  Mutalisk  
  141  10:23  Zergling x4  
  143  10:29  Mutalisk x2  
  147  10:37  Zergling x6  
  147  10:38  Zergling x2  
  150  10:43  Mutalisk x2  
  150  10:46  Zergling x6  
  150  10:49  Zergling x2  
  159  10:50  Zergling x2  
  159  10:51  Zergling x2  
  159  10:54  Zergling x4  
  154  10:57  Zergling x2, Queen  
  154  11:01  Zergling x2  
  154  11:03  Mutalisk x2  
  143  11:06  Mutalisk  
  143  11:08  Queen  
  143  11:09  Mutalisk x2  
  143  11:10  Zergling x2  
  145  11:13  Mutalisk  
  145  11:14  Zergling x4  
  145  11:16  Zergling x2  
  150  11:24  Mutalisk  
  150  11:25  Mutalisk x3  
  156  11:26  Queen  
  156  11:28  Overlord  
  156  11:29  Zergling x2  
  156  11:30  Zergling x4  
  156  11:32  Zergling x2  
  164  11:45  Mutalisk x2  
  164  11:46  Mutalisk x2  
  170  11:49  Zergling x2  
  170  11:50  Zergling x6  
  173  11:54  Zergling x2  
Show
View Real Time Build Order
Export as new Build Order

llllllllllll Zerg 

Build Orders: Hatch First 

Get SALT Encoding   

  12  0:01  Drone  
  13  0:13  Drone  
  14  0:17  Overlord  
  14  0:21  Extractor  
  14  0:23  Drone  
  15  0:36  Drone  
  15  0:37  Drone  
  17  0:53  Hatchery  
  16  0:57  Drone  
  16  1:00  Drone  
  18  1:14  Spawning Pool  
  18  1:15  Extractor  
  18  1:18  Drone  
  17  1:23  Drone  
  18  1:30  Drone  
  19  1:43  Overlord  
  19  1:55  Drone  
  20  2:02  Zergling x2, Queen  
  20  2:04  Queen  
  20  2:05  Drone  
  26  2:12  Drone  
  27  2:17  Drone  
  27  2:19  Metabolic Boost  
  28  2:24  Drone  
  29  2:32  Drone  
  29  2:33  Drone  
  31  2:37  Queen  
  33  2:50  Hatchery, Drone  
  33  2:53  Overlord  
  33  2:55  Drone  
  34  2:58  Drone  
  34  3:04  Baneling Nest  
  34  3:06  Zergling x2  
  34  3:07  Zergling x2  
  36  3:15  Drone  
  36  3:16  Drone x3  
  40  3:20  Drone x2  
  40  3:24  Overlord  
  42  3:29  Drone  
  42  3:32  Zergling x2  
  44  3:37  Overlord  
  44  3:43  Zergling x2  
  44  3:48  Zergling x6  
  44  3:57  Baneling x2  
  44  3:59  Queen  
  44  4:00  Lair  
  44  4:02  Zergling x10  
  51  4:15  Zergling x6  
  51  4:16  Baneling x2  
  54  4:23  Queen  
  54  4:39  Drone x9  
  54  4:45  Extractor x2  
  61  4:49  Drone x2  
  62  4:52  Extractor  
  62  4:55  Drone x3  
  62  4:56  Overlord  
  62  4:59  Overlord  
  64  5:06  Overlord  
  64  5:07  Drone x2  
  66  5:16  Overlord, Queen  
  66  5:17  Spire, Overlord  
  66  5:24  Zergling x8  
  70  5:37  Drone x6  
  70  5:41  Extractor  
  70  5:42  Extractor  
  74  5:46  Baneling x4  
  74  5:51  Overseer, Drone x5  
  74  5:55  Overlord  
  79  6:09  Baneling x6  
  79  6:20  Drone x7  
  79  6:21  Drone  
  79  6:25  Overlord x2  
  84  6:32  Mutalisk  
  84  6:33  Mutalisk x4  
  84  6:37  Hatchery  
  93  6:40  Mutalisk x2  
  97  6:51  Drone x4  
  97  6:52  Drone x3  
  98  6:58  Zerg Flyer Armor Level 1  
  96  7:05  Mutalisk x2  
  100  7:15  Mutalisk x2  
  97  7:18  Drone x8  
  109  7:28  Overlord x2  
  109  7:30  Extractor  
  109  7:35  Extractor  
  109  7:36  Mutalisk x3  
  109  7:40  Zergling x6  
  109  7:43  Mutalisk  
  116  7:46  Overlord  
  116  7:47  Overlord  
  116  7:49  Mutalisk  
  120  7:55  Mutalisk  
  122  8:01  Mutalisk  
  124  8:09  Zergling x12  
  124  8:10  Zergling x10  
  133  8:24  Overlord x2, Mutalisk x2  
  133  8:25  Mutalisk x2  
  141  8:27  Queen  
  141  8:30  Spine Crawler  
  141  8:33  Spore Crawler, Mutalisk x3  
  147  8:34  Spore Crawler  
  147  8:35  Overlord x2  
  146  8:41  Overlord x3  
  146  8:47  Mutalisk x2  
  150  8:57  Mutalisk x3  
  150  9:00  Zergling x10  
  160  9:09  Mutalisk x3  
  165  9:14  Zerg Flyer Weapons Level 1  
  165  9:17  Mutalisk  
  165  9:19  Zergling x10  
  165  9:33  Mutalisk x3  
  165  9:35  Zergling x8  
  165  9:38  Mutalisk  
  143  9:40  Zergling x4  
  129  9:51  Mutalisk x2  
  129  9:52  Mutalisk  
  126  9:54  Zergling x14  
  126  9:57  Mutalisk  
  135  10:03  Mutalisk x2  
  135  10:08  Zergling x10  
  135  10:13  Mutalisk x2  
  144  10:22  Mutalisk x2  
  148  10:30  Hatchery  
  147  10:42  Mutalisk  
  144  10:43  Mutalisk x2  
  144  10:48  Queen  
  119  11:01  Drone x9  
  119  11:02  Drone x3  
  130  11:07  Queen  
  121  11:14  Drone x2  
  121  11:15  Drone  
  124  11:18  Drone  
  124  11:19  Drone x2  
  124  11:25  Mutalisk  
  131  11:37  Mutalisk x4  
  136  11:40  Mutalisk  
  136  11:41  Mutalisk x3  
  142  11:51  Mutalisk x4  
  135  11:57  Mutalisk x2  
  139  12:08  Zergling x2  
Tags
 
Add a new tag
Caveats
  • Supply blocks, unpowered buildings, or Contaminate may cause inaccurate times.
  • Supply counts are checked every 10 seconds.